 Dungeon Crawl Stone Soup version 0.24-a0-201-gf205589 (webtiles) character file.

Game seed: 834111192564943976

11411 Azzok the Blocker (level 12, -15/91 HPs)
             Began as a Formicid Fighter on Mar 23, 2019.
             Was a High Priest of Okawaru.
             Demolished by Jorgrun
             ... wielding an uncursed staff of earth
              (18 damage)
             ... on level 12 of the Dungeon.
             The game lasted 00:26:24 (14177 turns).

Azzok the Blocker (Formicid Fighter)               Turns: 14177, Time: 00:26:25

Health: -15/91     AC: 18    Str: 26    XL:     12   Next: 7%
Magic:  17/18      EV:  9    Int:  8    God:    Okawaru [*****.]
Gold:   1752       SH: 16    Dex: 10    Spells: 11/11 levels left

rFire    + . .     SeeInvis +   E - +1 broad axe
rCold    . . .     Gourm    .   c - +1 shield
rNeg     . . .     Faith    +   F - +0 plate armour
rPois    .         Spirit   .   (helmet unavailable)
rElec    .         Reflect  .   (no cloak)
rCorr    .         Harm     .   H - +0 pair of gloves
MR       +....                  (no boots)
Stlth    ..........             B - amulet of faith
HPRegen  0.25/turn              e - +3 ring of protection
MPRegen  0.16/turn              I - ring of protection from fire

@: heroism
A: permanent stasis, dig shafts and tunnels, four strong arms, antennae 3
a: Dig, Shaft Self, Heroism, Finesse, Renounce Religion


You were on level 12 of the Dungeon.
You worshipped Okawaru.
Okawaru was extremely pleased with you.
You were hungry.

You visited 2 branches of the dungeon, and saw 13 of its levels.
You also visited: Sewer, Ossuary and Bailey.

You collected 1752 gold pieces.

Inventory:

Hand Weapons
 t - a +4 scimitar of flaming
 v - the +6 spear of Keapt {venom, *Corrode rN+ Stlth+}
   (You found it on level 10 of the Dungeon)

   It poisons the flesh of those it strikes.
   It protects you from negative energy.
   It may corrode you when you take damage.
   It makes you more stealthy.
 E - a +1 broad axe (weapon)
Missiles
 b - 11 throwing nets (quivered)
Armour
 c - a +1 shield (worn)
 F - a +0 plate armour (worn)
 H - a +0 pair of gloves (worn)
Jewellery
 e - a +3 ring of protection (left hand)
 l - an uncursed ring of protection from magic {unknown}
 s - a +4 amulet of reflection
 y - an uncursed ring of fire
 B - an amulet of faith (around neck)
 D - a +4 ring of dexterity
 I - a ring of protection from fire (right hand)
 J - an uncursed amulet of the gourmand {unknown}
Wands
 d - a wand of polymorph (6)
 k - a wand of random effects (11)
 q - a wand of paralysis (6)
 u - a wand of digging (5)
 w - a wand of acid (10)
 L - a wand of clouds (5)
Scrolls
 a - a scroll of immolation
 g - 9 scrolls of remove curse
 h - a scroll of enchant weapon
 j - 4 scrolls of fear
 o - 5 scrolls of amnesia
 C - a scroll of enchant armour
 K - a scroll of identify
Potions
 i - 3 potions of agility
 m - a potion of cancellation {unknown}
 n - a potion of invisibility
 p - 2 potions of magic
 r - 4 potions of mutation {!q}
 x - 3 potions of ambrosia
 z - 2 potions of flight
 A - 4 potions of heal wounds
 G - a potion of curing
Comestibles
 f - 28 rations


   Skills:
 - Level 7.0(12.0) Fighting
 + Level 10.2(15.2) Axes
 - Level 3.2(8.2) Armour
 + Level 11.9(16.9) Shields
 + Level 9.0 Invocations
 + Level 8.2 Evocations


You had 11 spell levels left.
You didn't know any spells.
Your spell library contained the following spells:

 Spells                   Type           Power        Failure   Level  Hunger
 Sandblast                Erth           #.....       99%         1    ##.....
 Passwall                 Tmut/Erth      #.......     100%        2    ###....
 Stone Arrow              Conj/Erth      #.....       100%        3    ####...
 Petrify                  Tmut/Erth      #.......     100%        4    #####..
 Lee's Rapid Deconstruct  Erth           #.........   100%        5    ######.


Dungeon Overview and Level Annotations

Branches:
Dungeon (12/15)            Temple (1/1) D:6            Lair (0/6) D:11
    Orc (0/2) D:9

Altars:
Ashenzari
Cheibriados
Dithmenos
Elyvilon
Fedhas
Gozag
Hepliaklqana
Kikubaaqudgha
Makhleb
Nemelex Xobeh
Okawaru
Qazlal
Ru
Sif Muna
Trog
Uskayaw
Vehumet
Wu Jian
Xom
Yredelemnul
Zin
The Shining One

Shops:
D:5 (

Annotations:
D:11 exclusion: oklob plant
D:12 Jorgrun


Innate Abilities, Weirdness & Mutations

You cannot be hasted, slowed, berserked, paralysed or teleported.
You can dig through walls and to a lower floor.
Your four strong arms can wield two-handed weapons with a shield.
You have a pair of large antennae on your head. (SInv)


Message History

a scroll labeled BEHURORAQA; an adder corpse Jorgrun hits you with an uncursed staff of earth.
Jorgrun crushes you!
You slash Jorgrun!
Jorgrun is severely wounded.
Jorgrun hits you with an uncursed staff of earth.
Jorgrun crushes you!
* * * LOW HITPOINT WARNING * * *
You slash Jorgrun!
Jorgrun is almost dead.
A wyvern comes into view.
Jorgrun closely misses you.
You slash Jorgrun!
Jorgrun is almost dead.
You closely miss Jorgrun.
Jorgrun is almost dead.
Jorgrun hits you with an uncursed staff of earth!
* * * LOW HITPOINT WARNING * * *
Jorgrun crushes you!
You die...

▒▒···▒▒
▒▒▒▒▒·····▒▒ ▒▒▒
··········▒▒ ▒··
▒▒▒·!·······▒ ▒·▒
·········(··▒ ▒·▒
▒▒▒·········▒ ▒·▒
··l········▒ ▒·▒
▒··@··▒ ▒·▒
▒▒·?g▒▒
▒▒▒·▒▒▒▒▒▒▒▒
▒▒·▒▒
▒····<······ ▒·▒▒
▒·▒··▒▒·▒▒▒·
▒·▒·▒▒ ▒·▒··▒▒·▒
▒·
▒·▒▒▒·▒▒▒·▒·>▒▒·▒
▒· ··▒
▒▒·▒▒·▒·····▒ ▒·
···
▒▒·▒▒▒·▒▒····▒▒▒·
····
▒················


You could see Jorgrun and a wyvern.

Vanquished Creatures
  Erica (D:9)
  A wolf spider zombie (D:12)
  A deep elf mage (D:12)
  An ugly thing (D:11)
  A cyclops (D:11)
  Psyche (D:8)
  4 trolls
  Grinder (D:3)
  3 hippogriffs
  A wyvern (D:12)
  2 hungry ghosts (D:9)
  3 vampire mosquitoes (D:12)
  Duvessa (D:6)
  Purgy (Sewer)
  2 necrophages
  2 sky beasts
  4 phantoms
  2 ice beasts
  A hornet zombie (D:9)
  6 orc warriors
  3 centaurs
  A wolf (D:11)
  6 ogres
  3 bullfrogs
  9 gnoll sergeants
  Dowan (D:6)
  2 scorpions
  2 troll zombies (D:9)
  A wyvern skeleton (D:10)
  4 howler monkeys
  2 electric eels (D:11)
  3 crimson imps
  2 centaur zombies (D:9)
  17 hounds
  2 quasits
  5 orc priests
  A jelly (D:10)
  6 gnoll shamans (Bailey)
  2 human zombies (Ossuary)
  Jessica (D:3)
  16 orc wizards
  Ijyb (D:3)
  7 iguanas
  11 worker ants
  6 ogre zombies (D:9)
  3 hound zombies
  4 mummies (Ossuary)
  Robin (D:2)
  19 gnolls
  8 adders
  A shadow imp (D:9)
  2 adder zombies
  4 worms
  A dart slug (D:1)
  2 leopard geckos
  41 orcs
  2 ball pythons
  4 bats
  3 giant cockroaches
  14 goblins
  6 hobgoblins
  4 jackals (D:7)
  8 kobolds
  3 quokkas
  4 frilled lizards
  2 goblin skeletons (D:9)
  8 goblin zombies
  A hobgoblin zombie (D:9)
  3 jackal zombies (Ossuary)
  A kobold zombie (Ossuary)
  A leopard gecko skeleton (D:5)
  4 orc skeletons (D:9)
  12 orc zombies (D:9)
  A quokka skeleton (D:9)
  5 rats
325 creatures vanquished.

Vanquished Creatures (others)
  An adder (D:12)
1 creature vanquished.

Grand Total: 326 creatures vanquished

Notes
Turn   | Place    | Note
-------+----------+-------------------------------------------
     0 | D:1      | Azzok the Formicid Fighter began the quest for the Orb.
     0 | D:1      | Reached XP level 1. HP: 18/18 MP: 1/1
    67 | D:1      | Reached XP level 2. HP: 24/24 MP: 2/2
   565 | D:1      | Reached XP level 3. HP: 29/29 MP: 3/3
   928 | D:2      | Noticed Robin
   940 | D:2      | Reached skill level 4 in Shields
   942 | D:2      | Killed Robin
   943 | D:2      | Reached XP level 4. HP: 9/37 MP: 4/4
  1349 | D:2      | Found a shadowy altar of Dithmenos.
  1509 | D:3      | Noticed Grinder
  1517 | D:3      | Killed Grinder
  1517 | D:3      | Reached skill level 5 in Shields
  1517 | D:3      | Reached XP level 5. HP: 42/43 MP: 5/5
  1517 | D:3      | Reached XP level 6. HP: 49/50 MP: 6/6
  1587 | D:3      | Found a glowing drain.
  1629 | Sewer    | Entered a sewer
  1774 | Sewer    | Noticed Purgy
  1782 | Sewer    | Killed Purgy
  1782 | Sewer    | Reached skill level 5 in Fighting
  1952 | D:3      | Reached XP level 7. HP: 54/56 MP: 7/7
  2046 | D:3      | Noticed Jessica
  2056 | D:3      | Killed Jessica
  2494 | D:3      | Noticed Ijyb
  2513 | D:3      | Killed Ijyb
  2728 | D:4      | Reached skill level 6 in Shields
  2837 | D:4      | Found a sand-covered staircase.
  2944 | Ossuary  | Entered an ossuary
  2951 | Ossuary  | Reached skill level 5 in Axes
  3720 | D:4      | Reached XP level 8. HP: 64/64 MP: 8/8
  3806 | D:4      | Found a bloodstained altar of Trog.
  4123 | D:4      | Reached skill level 7 in Shields
  4303 | D:5      | Entered Level 5 of the Dungeon
  5063 | D:5      | Found Neicruo's Antique Weapon Shoppe.
  5531 | D:6      | Reached skill level 8 in Shields
  5531 | D:6      | Reached XP level 9. HP: 69/72 MP: 9/9
  5561 | D:6      | Found a staircase to the Ecumenical Temple.
  5655 | Temple   | Entered the Ecumenical Temple
  5766 | Temple   | Became a worshipper of Warmaster Okawaru
  5916 | D:6      | Reached skill level 1 in Invocations
  5916 | D:6      | Reached skill level 1 in Evocations
  5969 | D:6      | Noticed Dowan
  5971 | D:6      | Noticed Duvessa
  5978 | D:6      | Killed Duvessa
  5989 | D:6      | Killed Dowan
  6160 | D:6      | Found a deep blue altar of Sif Muna.
  6274 | D:7      | Found a hide-covered altar of Uskayaw.
  6476 | D:7      | Reached * piety under Okawaru
  6641 | D:7      | Reached skill level 9 in Shields
  6861 | D:7      | Found a burning altar of Makhleb.
  7029 | D:7      | Found an iron altar of Okawaru.
  7205 | D:7      | Noticed a hippogriff
  7230 | D:7      | Killed a hippogriff
  7230 | D:7      | Reached XP level 10. HP: 65/79 MP: 13/13
  7322 | D:7      | Found a snail-covered altar of Cheibriados.
  7648 | D:8      | Reached ** piety under Okawaru
  7650 | D:8      | Noticed Psyche
  7659 | D:8      | Killed Psyche
  7659 | D:8      | Reached skill level 5 in Invocations
  8018 | D:8      | Found a glowing silver altar of Zin.
  8685 | D:9      | Found a blossoming altar of Fedhas.
  8800 | D:9      | Found a radiant altar of Vehumet.
  8937 | D:9      | Reached skill level 5 in Evocations
  8993 | D:9      | Found a staircase to the Orcish Mines.
  9021 | D:9      | Reached skill level 10 in Shields
  9340 | D:9      | Found a white marble altar of Elyvilon.
  9340 | D:9      | Found an ornate altar of the Wu Jian Council.
  9468 | D:9      | Reached *** piety under Okawaru
 10026 | D:9      | Noticed Erica
 10045 | D:9      | Killed Erica
 10045 | D:9      | Reached XP level 11. HP: 78/84 MP: 13/16
 10484 | D:10     | Entered Level 10 of the Dungeon
 10488 | D:10     | Reached **** piety under Okawaru
 10547 | D:10     | Found a flagged portal.
 10581 | D:10     | Got a shimmering spear
 10584 | Bailey   | Entered a bailey
 10638 | Bailey   | Reached skill level 11 in Shields
 11223 | Bailey   | Identified the +6 spear of Keapt {venom, *Corrode rN+
                  | Stlth+} (You found it on level 10 of the Dungeon)
 12501 | D:11     | Found a burning altar of Makhleb.
 12502 | D:11     | Noticed an oklob plant
 12572 | D:11     | Reached ***** piety under Okawaru
 12992 | D:11     | Noticed a white ugly thing
 13001 | D:11     | Killed a white ugly thing
 13020 | D:11     | Found a staircase to the Lair.
 13102 | D:11     | Noticed a cyclops
 13276 | D:11     | Killed a cyclops
 13276 | D:11     | Reached skill level 10 in Axes
 13634 | D:12     | Noticed a deep elf mage
 13658 | D:12     | Killed a deep elf mage
 13785 | D:12     | Reached XP level 12. HP: 81/91 MP: 18/18
 14163 | D:12     | Noticed Jorgrun
 14177 | D:12     | HP: 3/91 [Jorgrun/uncursed staff of earth (7)]
 14177 | D:12     | Demolished by Jorgrun

Levels and vault maps discovered:
D:1:      saegor_arrival_simple_e, layout_basic
D:2:      layout_rooms, nicolae_overflow_hidden_temple, uniq_robin
D:3:      layout_basic, first_ration, portal_sewer_entry_b, uniq_grinder,
          uniq_jessica, uniq_ijyb
D:4:      layout_basic, bloody_trog, nicolae_ossuary_entry_false_entrances
D:5:      layout_cave_pools, serial_shops, shop_coins
D:6:      layout_loops_ring, lemuel_blue_sif_altar,
          minmay_temple_entry_antechambers, minmay_crystal_room, uniq_duvessa
D:7:      layout_loops_cross, kennysheep_mini_moat,
          nicolae_overflow_crystal_walls, eat_drink_and_be_merry_uskayaw,
          grunt_ogre_cave, ebering_dispersal_statue_hall,
          okawaru_ov_weapons_minmay
D:8:      layout_basic, kennysheep_little_box, eino_curves_03, uniq_psyche
D:9:      minmay_polygon_palace, layout_small_grid, grunt_temple_overflow_open,
          zombieorc2_lemuel, fedhas_bush_and_centaur_altar, uniq_erica
D:10:     layout_cave_pools, enter_bailey_2
D:11:     layout_irregular_city, erik_lair_island, lemuel_oklob_altar
D:12:     layout_loops_corners, serial_shops, shop, basic_altar,
          minmay_rotating_lava, uniq_jorgrun
Temple:   nicolae_temple_x_marks_the_god
Sewer:    kennysheep_door_sewer
Ossuary:  ossuary_minmay_tomb_2a
Bailey:   bailey_polearm_gnolls_kennysheep, bailey

Skill      XL: |  1  2  3  4  5  6  7  8  9 10 11 12 |
---------------+-------------------------------------+-----
Axes           | 3 4 5 6 7 9 10 | 10.2
Shields        | 4 5 6 8 9 10 11 | 11.9
Fighting       | 4 5 6 7 |  7.0
Invocations    | 4 6 8 9 |  9.0
Evocations     | 3 6 8 |  8.2
Armour         | |  3.2

Action                   |  1- 3 |  4- 6 |  7- 9 | 10-12 || total
-------------------------+-------+-------+-------+-------++-------
Melee: War axe           |    78 |    52 |   315 |       ||   445
       Broad axe         |       |       |   125 |   549 ||   674
Invok: Heroism           |       |       |       |    10 ||    10
Evoke: Wand              |       |       |    13 |     8 ||    21
  Use: Potion            |       |     1 |     1 |     1 ||     3
       Scroll            |       |       |    13 |    11 ||    24
 Stab: Invisible         |       |       |       |     1 ||     1
  Eat: Chunk             |       |     3 |    14 |    21 ||    38
       Ration            |       |       |     1 |     1 ||     2
Armor: Scale mail        |    45 |    22 |   150 |     3 ||   220
       Skin              |       |     2 |       |       ||     2
       Plate armour      |       |       |       |   282 ||   282
Dodge: Dodged            |    31 |    20 |   130 |   179 ||   360
Block: Shield            |    48 |    24 |   308 |   484 ||   864
       Reflection        |       |       |     1 |       ||     1

Table legend:
 A = Non-vault XP
 B = Vault XP
 C = Vault XP percentage of total XP
 D = Non-vault monster count
 E = Vault monster count
 F = Vault count percentage of total count
                 A         B        C        D         E       F
            +---------+---------+-------+---------+---------+-------
      Total |   10333 |    5969 |  36.6 |     198 |     128 |  39.3
            +---------+---------+-------+---------+---------+-------
        D:1 |      33 |       0 |   0.0 |      19 |       0 |   0.0
        D:2 |      24 |      34 |  58.6 |       6 |      12 |  66.7
        D:3 |      35 |     353 |  91.0 |      12 |       5 |  29.4
        D:4 |     493 |       0 |   0.0 |       8 |       0 |   0.0
        D:5 |     491 |       0 |   0.0 |      20 |       0 |   0.0
        D:6 |     395 |     230 |  36.8 |      12 |       2 |  14.3
        D:7 |    1473 |     122 |   7.6 |      32 |       1 |   3.0
        D:8 |     449 |     395 |  46.8 |       5 |       1 |  16.7
        D:9 |    1056 |    2641 |  71.4 |      14 |      48 |  77.4
       D:10 |    1645 |       0 |   0.0 |      31 |       0 |   0.0
       D:11 |    2020 |     629 |  23.7 |      28 |       7 |  20.0
       D:12 |    2219 |       0 |   0.0 |      11 |       0 |   0.0
      Sewer |       0 |     141 | 100.0 |       0 |       6 | 100.0
    Ossuary |       0 |     210 | 100.0 |       0 |      16 | 100.0
     Bailey |       0 |    1214 | 100.0 |       0 |      30 | 100.0
            +---------+---------+-------+---------+---------+-------
